 Dungeon Crawl Stone Soup version 0.23.2-1-ga50397a6bc (webtiles) character file.

Game seed: 11467126417454577942

1481186 4FPSwarrior the Peltast (level 27, 199/199 HPs)
             Began as a Demonspawn Abyssal Knight on May 14, 2019.
             Was the Champion of Lugonu.
             Escaped with the Orb
             ... and 3 runes on May 21, 2019!
             The game lasted 10:12:15 (94671 turns).

4FPSwarrior the Peltast (DsAK)                     Turns: 94671, Time: 10:12:16

Health: 199/199    AC: 38    Str: 27    XL:     27
Magic:  36/36      EV: 18    Int: 19    God:    Lugonu [******]
Gold:   725        SH: 31    Dex: 12    Spells: 26/36 levels left

rFire    + + +     SeeInvis +   b - +9 demon blade (freeze)
rCold    . . .     Gourm    .   y - +7 large shield {reflect}
rNeg     . . .     Faith    .   J - +8 plate armour of Action {rElec rCorr Dex-3 SInv Stlth+}
rPois    +         Spirit   +   (helmet unavailable)
rElec    +         Reflect  +   Y - +2 cloak {rPois}
rCorr    +         Harm     .   a - +2 pair of gloves {Str+3}
MR       ++++.                  S - +2 pair of boots "Dunizom" {rF+ Int+3}
Stlth    ..........             R - amulet of regeneration
HPRegen  0.83/turn              H - ring "Geschyriu" {rF++ AC+2 Str+4}
MPRegen  0.50/turn              O - ring of a Billion Ships {rCorr rPois MR+ Dex-3}

@: repel missiles
A: antennae 3, claws 1, repulsion field 3, camouflage 1, frail 1, foul stench 2,
magic resistance 1, screaming 2, strong 1, augmentation 3, magic shield, magic
regeneration, magic link, rot immunity, subdued magic 2
0: Orb of Zot
}: 3/15 runes: decaying, serpentine, silver
a: Depart the Abyss, Bend Space, Banish, Corrupt, Enter the Abyss, Renounce
Religion


You escaped.
You worshipped Lugonu.
Lugonu was exalted by your worship.
You were very full.

You visited 11 branches of the dungeon, and saw 49 of its levels.
You visited the Abyss 6 times.
You visited 1 bazaar.
You also visited: Ossuary, Ice Cave and Desolation.

You collected 7455 gold pieces.
You spent 6730 gold pieces at shops.

Inventory:

Hand Weapons
 b - a +9 demon blade of freezing (weapon)
 T - the +5 double sword of Compound Interest {drain, rElec rF- Str+5}
   (You acquired it on level 5 of the Vaults)

   A truly terrible weapon, it drains the life of those it strikes.
   It affects your strength (+5).
   It makes you vulnerable to fire.
   It insulates you from electricity.
Missiles
 i - 15 javelins
 t - 2 throwing nets
 u - 2 poisoned javelins
 x - 8 javelins of penetration (quivered)
Armour
 a - a +2 pair of gloves of strength (worn)
 y - a +7 large shield of reflection (worn)
 J - the +8 plate armour of Action (worn) {rElec rCorr Dex-3 SInv Stlth+}
   (You found it on level 1 of the Swamp)

   It affects your dexterity (-3).
   It insulates you from electricity.
   It lets you see invisible.
   It provides partial protection from all sources of acid and corrosion.
   It makes you more stealthy.
 M - +0 gold dragon scales
 S - the +2 pair of boots "Dunizom" (worn) {rF+ Int+3}
   (You bought it in a shop on level 6 of the Dungeon)

   It affects your intelligence (+3).
   It protects you from fire.
 Y - a +2 cloak of poison resistance (worn)
Jewellery
 f - an uncursed ring of protection from magic
 G - the ring of Ziptiv {+Blink rC+ SInv Stlth+}
   (You found it in an ice cave)

   [ring of protection from cold]

   It protects you from cold.
   It lets you see invisible.
   It lets you blink.
   It makes you more stealthy.
 H - the ring "Geschyriu" (left hand) {rF++ AC+2 Str+4}
   (You bought it in a shop on level 2 of the Snake Pit)

   [ring of protection]

   It affects your AC (+2).
   It affects your strength (+4).
   It greatly protects you from fire.
 I - an uncursed ring of protection from cold
 O - the ring of a Billion Ships (right hand) {rCorr rPois MR+ Dex-3}
   (You found it on level 4 of the Depths)

   [ring of resist corrosion]

   It affects your dexterity (-3).
   It protects you from poison.
   It affects your resistance to hostile enchantments.
 R - an amulet of regeneration (around neck)
Wands
 k - a wand of iceblast (53)
 r - a wand of digging (5)
 A - a wand of flame (105)
 E - a wand of polymorph (28)
 N - a wand of paralysis (12)
 V - a wand of disintegration (17)
Scrolls
 e - 17 scrolls of teleportation
 h - 6 scrolls of vulnerability
 n - 12 scrolls of fog
 z - 3 scrolls of silence
 D - 6 scrolls of blinking
 Q - 3 scrolls of immolation
 U - 3 scrolls of fear
Potions
 g - 2 potions of ambrosia
 l - 7 potions of cancellation
 m - 11 potions of curing
 o - 9 potions of brilliance
 p - 2 potions of resistance
 v - 5 potions of flight
 B - 4 potions of heal wounds
 L - 4 potions of haste
 X - 3 potions of magic
 Z - 4 potions of invisibility
Miscellaneous
 d - a sack of spiders
 q - a fan of gales
 w - a lightning rod (4/4)
 K - a phial of floods
 W - a lamp of fire
Comestibles
 c - 46 rations


   Skills:
 + Level 19.5 Fighting
 - Level 16.0 Long Blades
 + Level 15.5 Throwing
 + Level 15.3 Armour
 + Level 15.5 Dodging
 + Level 20.7 Shields
 - Level 5.0 Spellcasting
 - Level 4.0 Hexes
 - Level 5.0 Necromancy
 - Level 1.0 Translocations
 + Level 19.0 Invocations
 - Level 17.0 Evocations


You had 26 spell levels left.
You knew the following spells:

 Your Spells              Type           Power        Failure   Level  Hunger
a - Apportation           Tloc           ##....       56%         1    None
b - Invisibility          Hex            ####....     100%        6    #######
c - Regeneration          Chrm/Necr      ###.......   75%         3    ##.....

Your spell library contained the following spells:

 Spells                   Type           Power        Failure   Level  Hunger
 Animate Skeleton         Necr           N/A          12%         1    None
 Pain                     Necr           ####         12%         1    None
 Confusing Touch          Hex            ####..       19%         1    None
 Corona                   Hex            ####...      19%         1    None
 Corpse Rot               Necr           N/A          19%         2    #......
 Slow                     Hex            ####....     28%         2    #......
 Vampiric Draining        Necr           ####......   36%         3    ##.....
 Confuse                  Hex            ####....     52%         3    ##.....
 Tukima's Dance           Hex            ####....     52%         3    ##.....
 Ensorcelled Hibernation  Hex/Ice        ###...       56%         2    #......
 Flame Tongue             Conj/Fire      #....        73%         1    None
 Infusion                 Chrm           #...         73%         1    None
 Sandblast                Erth           #.....       73%         1    None
 Sting                    Conj/Pois      #...         73%         1    None
 Summon Butterflies       Summ           #.......     73%         1    None
 Summon Small Mammal      Summ           #...         73%         1    None
 Blink                    Tloc           N/A          73%         2    #......
 Portal Projectile        Hex/Tloc       ###...       75%         3    ##.....
 Shroud of Golubria       Chrm/Tloc      #.........   80%         2    #......
 Animate Dead             Necr           N/A          80%         4    ####...
 Inner Flame              Hex/Fire       ###.....     82%         3    ##.....
 Spectral Weapon          Hex/Chrm       ###.....     82%         3    ##.....
 Summon Guardian Golem    Hex/Summ       ###.....     82%         3    ##.....
 Passwall                 Tmut/Erth      #.......     86%         2    #......
 Poisonous Vapours        Pois/Air       #.....       86%         2    #......
 Song of Slaying          Chrm           #.......     86%         2    #......
 Throw Flame              Conj/Fire      #.....       86%         2    #......
 Cause Fear               Hex            ####......   91%         4    ####...
 Gell's Gravitas          Tloc           ##........   92%         3    ##.....
 Lesser Beckoning         Tloc           ##........   92%         3    ##.....
 Teleport Other           Tloc           ##......     92%         3    ##.....
 Conjure Flame            Conj/Fire      #.......     98%         3    ##.....
 Mephitic Cloud           Conj/Pois/Air  #.......     98%         3    ##.....
 Ozocubu's Armour         Chrm/Ice       #.......     98%         3    ##.....
 Stone Arrow              Conj/Erth      #.....       98%         3    ##.....
 Leda's Liquefaction      Hex/Erth       ###.......   99%         4    ####...
 Ice Form                 Ice/Tmut       #.......     100%        4    ####...
 Olgreb's Toxic Radiance  Pois           #.......     100%        4    ####...
 Petrify                  Tmut/Erth      #.......     100%        4    ####...
 Sticky Flame             Conj/Fire      #.......     100%        4    ####...
 Throw Icicle             Conj/Ice       #.......     100%        4    ####...
 Alistair's Intoxication  Tmut/Pois      #.......     100%        5    ######.
 Bolt of Draining         Conj/Necr      ###.......   100%        5    ######.
 Bolt of Magma            Conj/Fire/Erth #.........   100%        5    ######.
 Borgnjor's Vile Clutch   Necr/Erth      ###.......   100%        5    ######.
 Fireball                 Conj/Fire      #.........   100%        5    ######.
 Irradiate                Conj/Tmut      #.........   100%        5    ######.
 Lee's Rapid Deconstruct  Erth           #.........   100%        5    ######.
 Metabolic Englaciation   Hex/Ice        ###.......   100%        5    ######.
 Summon Forest            Summ/Tloc      #.........   100%        5    ######.
 Venom Bolt               Conj/Pois      #.........   100%        5    ######.
 Yara's Violent Unravell  Hex/Tmut       ###.......   100%        5    ######.
 Bolt of Cold             Conj/Ice       #.........   100%        6    #######
 Death Channel            Necr           ####......   100%        6    #######
 Freezing Cloud           Conj/Ice/Air   #.........   100%        6    #######
 Hydra Form               Tmut           #.........   100%        6    #######
 Iron Shot                Conj/Erth      #.........   100%        6    #######
 Ozocubu's Refrigeration  Ice            #.........   100%        6    #######
 Simulacrum               Ice/Necr       ###.......   100%        6    #######
 Statue Form              Tmut/Erth      #........    100%        6    #######
 Dragon Form              Tmut           #.........   100%        7    #######
 Summon Hydra             Summ           #.........   100%        7    #######
 Shatter                  Erth           #.........   100%        9    #######
 Passage of Golubria      Tloc           Unusable     N/A         4    N/A

Dungeon Overview and Level Annotations

Branches:
Dungeon (15/15)            Temple (1/1) D:5            Lair (6/6) D:10
  Swamp (4/4) Lair:3        Snake (4/4) Lair:3        Slime (1/5) Lair:5
    Orc (2/2) D:9             Elf (1/3) Orc:2        Vaults (5/5) D:13
  Crypt (0/3) Vaults:2     Depths (5/5) D:15            Zot (5/5) Depths:5

Altars:
Ashenzari
Cheibriados
Dithmenos
Elyvilon
Fedhas
Gozag
Hepliaklqana
Kikubaaqudgha
Makhleb
Nemelex Xobeh
Okawaru
Qazlal
Ru
Sif Muna
Trog
Uskayaw
Vehumet
Wu Jian
Xom
Yredelemnul
Zin
The Shining One
Beogh
Jiyva
Lugonu

Shops:
D:5 }   D:6 [   D:15 %![(=   Orc:2 [*(=   Snake:1 =:?}   Snake:2 =   Snake:3 =
Vaults:1 =   Vaults:4 =   Vaults:5 ?%%[   Zot:3 *   Depths:2 %   Depths:4 ?
Depths:5 [

Portals:
Hell: Depths:1 Depths:2 Depths:3 Depths:4 Depths:5
Abyss: Depths:4
Pandemonium: Depths:1 Depths:2 Depths:3 Depths:5
Ziggurat: Depths:2

Annotations:
D:10 2 runed translucent doors, chipmonk's ghost, journeyman MiBe
D:13 exclusions: downstairs and orange crystal statue
D:14 corrupted
Lair:1 2 transporters, exclusion: 4 oklob plants, Imnulubo's ghost, novice TeFE
Lair:5 2 transporters, Baix's ghost, journeyman DrTm
Lair:6 2 transporters, EvilAshe's ghost, journeyman TeFE
Snake:3 corrupted
Vaults:2 corrupted
Vaults:5 corrupted
Depths:1 1 runed translucent door, exclusion: orange crystal statue
Depths:2 2 runed translucent doors, exclusions: 2 doors and orange crystal statue
Depths:4 1 exclusion
Depths:5 corrupted
Zot:1 corrupted
Zot:2 17 runed doors
Zot:4 3 runed translucent doors, exclusion: obsidian statue, Sotil's ghost, legendary DEFE


Innate Abilities, Weirdness & Mutations

You have a pair of large antennae on your head. (SInv)
You are surrounded by a strong repulsion field. (EV +4, RMsl)
You frequently emit foul miasma when damaged in melee.
Your magical and physical power is greatly enhanced at high health.
When hurt, damage is shared between your health and your magic reserves.
You regenerate magic rapidly.
When low on magic, you restore magic in place of health.
You are immune to rotting.
You have sharp fingernails.
Your skin changes colour to match your surroundings (Stealth+).
You are frail. (-10% HP)
You are resistant to hostile enchantments. (MR+)
You sometimes yell uncontrollably at your foes.
Your muscles are strong. (Str +2)
Your spells are easier to cast, but less powerful.


Message History

You slice the lorocyproca!! You freeze the lorocyproca.
The lorocyproca is almost dead.
You block the lorocyproca's attack.
You slash the lorocyproca!
You kill the lorocyproca!
Lugonu accepts your kill.
A sun demon comes into view.
There is a stone staircase leading up here.
You climb upwards.
There is a stone staircase leading down here.
(D) Dungeon (T) Temple (L) Lair (S) Swamp (P) Snake Pit (M) Slime Pits (O) Orcish Mines (E) Elven Halls (V) Vaults (C) Crypt (U) Depths (H) Hell (Z) Zot
Where to? (Enter - D:1 @ (x,y), ? - help)
You open the door.
There is an open door here.
There is a staircase leading out of the dungeon here.
You can't go down here!
You have escaped!

#...)...#
#....
######.###.###
#.... #...)..#
#..# #....
#.####.# ##.#
####.
#.####.####.#
#.
#.#≈≈≈.§≈§#.#
##
#.+.≈≈≈§§§'.#
#.#≈...§§≈#.#
#.#≈≈.@.§≈#.#
#.#≈.....≈#.#
#.'.≈≈≈≈≈.+.#
###≈≈≈.≈§≈#.#
####.####.#
#......#
########


There were no monsters in sight!

Vanquished Creatures
  3 orbs of fire (Zot:5)
  3 ancient liches
  7 Killer Klowns
  the Lernaean hydra (Swamp:4)
  A caustic shrike (Depths:3)
  2 curse toes
  Vashnia (Snake:2)
  4 golden dragons
  5 electric golems
  26 tentacled monstrosities
  A lich (Vaults:5)
  24 Orb Guardians (Zot:5)
  13 quicksilver dragons
  6 titans
  An acid blob (Lair:5)
  7 tentacled starspawn
  2 Executioners
  11 death cobs
  An ancient champion (Depths:5)
  3 thorn hunters
  5 shadow dragons
  4 tengu reavers
  Donald (Snake:3)
  6 draconian monks
  13 nagarajas
  7 storm dragons
  7 frost giants
  8 fire giants
  5 ghost moths
  3 draconian knights
  An orc warlord (Orc:2)
  2 deep elf sorcerers
  2 iron dragons
  3 deep elf elementalists (Vaults:5)
  Louise (Swamp:4)
  11 vault wardens
  5 draconian stormcallers
  7 draconian scorchers
  2 imperial myrmidons (Desolation)
  12 ironheart preservers
  A war gargoyle (Vaults:5)
  9 draconian annihilators
  6 draconian shifters
  A juggernaut skeleton (Depths:1)
  14 very ugly things
  14 stone giants
  An entropy weaver (shapeshifter) (Vaults:4)
  An entropy weaver (Vaults:3)
  5 green draconians
  9 black draconians
  Azrael (D:14)
  A halazid warlock (Desolation)
  A deep elf annihilator (Vaults:5)
  7 red draconians
  A spark wasp (Depths:4)
  24 purple draconians
  6 yellow draconians
  A lorocyproca (D:2)
  2 blizzard demons (IceCv)
  10 white draconians
  9 ettins
  A deep elf death mage (Elf:1)
  Josephine (Lair:4)
  A merfolk javelineer (Depths:2)
  5 fire dragons
  Snorg (Lair:4)
  A crystal guardian (Desolation)
  8 great orbs of eyes
  5 rakshasas
  18 ogre magi
  A merfolk impaler (Depths:4)
  The ghost of das the Unseen, a journeyman FeEn of Vehumet (Snake:2)
  A deep elf high priest (Depths:4)
  8 yaktaur captains
  3 ice dragons
  3 servants of whispers (Desolation)
  3 ragged hierophants
  A hell beast (Depths:2)
  18 hydras
  14 naga warriors
  32 vault guards
  A peacekeeper (Desolation)
  12 centaur warriors
  4 ghost crabs
  A spriggan air mage (Depths:5)
  A catoblepas (Lair:6)
  Erica (Orc:1)
  8 anacondas
  16 alligators
  11 deep troll shamans
  2 shambling mangroves
  6 deep troll earth magi
  6 tengu warriors
  8 dancing weapons
  3 death knights
  10 death yaks
  A titan zombie (Abyss:1)
  53 two-headed ogres
  3 spriggan berserkers
  3 vampire magi
  4 thrashing horrors
  Urug (Orc:2)
  An orc high priest (Orc:2)
  11 deep elf knights
  14 hell knights
  A sun demon (Depths:2)
  13 naga sharpshooters
  A shock serpent (shapeshifter) (Vaults:5)
  Nergalle (Orc:2)
  4 shock serpents
  6 spriggans
  2 soul eaters
  2 wretched stars
  3 salamander mystics
  A shadow wraith (Vaults:1)
  3 skeletal warriors
  2 death drakes (Depths:4)
  2 iron trolls
  11 deep trolls
  A death drake (shapeshifter) (Vaults:5)
  5 unseen horrors
  5 glowing orange brains
  3 spriggan druids
  3 unseen horrors (shapeshifter)
  2 flayed ghosts
  A golden dragon skeleton (Depths:2)
  8 starcursed masses (Abyss:1)
  4 wizards
  A shadow dragon zombie (Abyss:1)
  12 swamp dragons
  11 deep elf archers
  3 phantasmal warriors
  14 orc knights
  9 harpies
  13 ironbrand convokers
  8 naga ritualists
  10 necromancers
  9 mana vipers
  7 large abominations
  43 deep elf magi
  4 wolf spiders
  An oklob plant (Depths:4)
  46 ugly things
  9 salamanders
  4 orc sorcerers
  6 cyclopes
  4 manticores
  5 worldbinders
  4 elephants (Lair:6)
  26 moths of wrath
  28 naga magi
  A black mamba (shapeshifter) (Abyss:3)
  13 vault sentinels
  31 black mambas
  Maurice (D:10)
  6 guardian serpents
  A torpor snail (Lair:6)
  An apocalypse crab (Abyss:1)
  An elephant (shapeshifter) (Depths:3)
  4 smoke demons
  An orange demon (Abyss:3)
  17 spiny frogs
  A spiny frog (shapeshifter) (Vaults:4)
  A molten gargoyle (Lair:5)
  5 tengu conjurers
  A kobold demonologist (D:11)
  23 yaktaurs
  7 ice devils
  A komodo dragon (shapeshifter) (Vaults:1)
  2 yaktaur zombies
  A hellwing (Abyss:1)
  5 rime drakes
  6 komodo dragons
  13 freezing wraiths
  A golden dragon simulacrum (IceCv)
  2 efreet (Abyss:3)
  An ancient zyme (Abyss:1)
  3 anaconda simulacra (IceCv)
  10 trolls
  13 tyrant leeches
  A merfolk (shapeshifter) (D:15)
  18 hornets
  A meliai (shapeshifter) (Depths:1)
  A polar bear (Lair:6)
  A red devil (Depths:1)
  4 raiju
  12 blink frogs
  A jumping spider (shapeshifter) (D:15)
  An ettin zombie (Vaults:4)
  10 hippogriffs
  20 saltlings
  53 slime creatures
  15 bog bodies
  2 hippogriffs (shapeshifter)
  A fire giant simulacrum (Depths:2)
  A stone giant simulacrum (Vaults:1)
  A frost giant simulacrum (Depths:1)
  An ettin skeleton (Depths:1)
  4 redbacks (Vaults:3)
  4 ynoxinuls
  7 wraiths
  A yak (shapeshifter) (Vaults:1)
  A hog (shapeshifter) (Abyss:3)
  A human (shapeshifter) (D:15)
  7 water elementals
  Eustachio (D:6)
  2 vampires
  2 dire elephant simulacra (IceCv)
  A basilisk (Lair:6)
  21 yaks
  A golden eye (Slime:1)
  18 humans (D:13)
  A steam dragon (D:3)
  A fire elemental (Lair:5)
  A death yak simulacrum (IceCv)
  3 hungry ghosts
  6 chaos spawn
  4 neqoxecs
  18 vampire mosquitoes
  23 insubstantial wisps
  50 nagas
  7 wargs
  4 harpy simulacra (IceCv)
  An acid dragon (shapeshifter) (Depths:4)
  Edmund (D:5)
  19 swamp worms
  11 water moccasins
  2 soldier ants
  4 acid dragons
  3 hydra simulacra (IceCv)
  A floating eye (Depths:4)
  5 porcupines
  18 swamp drakes
  6 hell hounds
  3 sky beasts
  2 black bears
  4 phantoms
  A hornet zombie (D:12)
  6 ice beasts
  54 orc warriors
  3 ettin simulacra
  2 eyes of draining
  16 boggarts
  52 ogres
  15 wolves
  21 centaurs
  15 crocodiles
  5 big kobolds
  7 elf zombies
  29 bullfrogs
  2 earth elementals
  A wyvern skeleton (D:14)
  7 killer bees
  7 scorpions
  A water moccasin skeleton (D:4)
  14 wights
  3 howler monkeys
  3 electric eels (D:6)
  4 crimson imps
  2 human zombies
  4 quasits
  8 jellies
  A bullfrog zombie (D:13)
  3 draconian simulacra (IceCv)
  5 centaur skeletons
  8 centaur zombies
  7 bullfrog skeletons
  32 orc priests
  8 hounds
  5 iron imps
  33 orc wizards
  A gnoll shaman (D:7)
  Terence (D:3)
  14 worker ants
  6 iguanas
  A spriggan simulacrum (IceCv)
  A polar bear simulacrum (IceCv)
  2 troll simulacra (IceCv)
  2 centaur simulacra (IceCv)
  9 small abominations
  2 hound zombies
  5 hound skeletons
  2 mummies (Ossuary)
  2 worker ant zombies
  A howler monkey skeleton (D:4)
  4 gnolls (D:8)
  A naga simulacrum (IceCv)
  An ogre simulacrum (IceCv)
  2 river rats
  18 adders
  2 shadow imps
  8 white imps
  9 ufetubi
  An ooze (D:5)
  3 adder zombies (Ossuary)
  An adder skeleton (D:9)
  2 worms
  9 dart slugs
  5 leopard geckos
  129 orcs
  A ball python (D:1)
  3 giant cockroaches
  4 goblins
  5 hobgoblins
  12 jackals
  3 quokkas
  8 bats
  5 frilled lizards
  A goblin zombie (Ossuary)
  3 hobgoblin zombies (Ossuary)
  A jackal zombie (Ossuary)
  20 kobolds
  5 kobold zombies (Ossuary)
  A leopard gecko skeleton (D:8)
  A leopard gecko zombie (D:6)
  16 orc zombies (Ossuary)
  A quokka skeleton (D:4)
  5 rats
  3 rat zombies (Ossuary)
  A bush (Lair:6)
  A fungus (Lair:6)
  2 plants
  14 starspawn tentacles
2349 creatures vanquished.

Vanquished Creatures (collateral kills)
  An orb of fire (Zot:5)
  Xtahua (Vaults:4)
  A tentacled monstrosity (Zot:3)
  An Orb Guardian (Zot:5)
  A draconian annihilator (Zot:5)
  An ironheart preserver (Vaults:5)
  An entropy weaver (D:13)
  A dire elephant (Lair:6)
  3 ettins
  An ogre mage (Vaults:5)
  A shambling mangrove (Swamp:2)
  A deep troll earth mage (Depths:2)
  A deep elf knight (Elf:1)
  A deep elf archer (Elf:1)
  An orc knight (Vaults:5)
  5 harpies
  2 deep elf magi (Elf:1)
  A moth of wrath (Zot:5)
  A spiny frog (Swamp:2)
  2 yaktaurs (Vaults:5)
  A hornet (Swamp:2)
29 creatures vanquished.

Vanquished Creatures (others)
  An orb of fire (Zot:1)
  Mennas (Vaults:2)
  Mara (Snake:3)
  Margery (Depths:5)
  A caustic shrike (Depths:3)
  4 golden dragons
  A lich (Depths:3)
  A hellephant (Abyss:3)
  A titan (Depths:3)
  3 shadow dragons
  2 storm dragons
  A tengu reaver (Depths:3)
  Frances (D:14)
  A fire giant (Vaults:5)
  An iron dragon (Depths:5)
  3 vault wardens
  6 frost giants
  A draconian knight (Zot:1)
  2 ironheart preservers
  A spriggan defender (Depths:5)
  3 very ugly things
  4 stone giants
  2 vampire knights
  A green draconian (Zot:1)
  A purple draconian (Zot:1)
  2 halazid warlocks (Desolation)
  A deep elf demonologist (Vaults:5)
  A lorocyproca (Depths:1)
  2 yellow draconians (Zot:1)
  2 red draconians (Zot:1)
  2 deep elf annihilators
  An ettin (Depths:5)
  2 fire dragons
  A crystal guardian (Desolation)
  An ogre mage (Vaults:2)
  3 great orbs of eyes
  7 ragged hierophants (Desolation)
  9 yaktaur captains
  A rakshasa (Depths:2)
  A vault guard (Depths:5)
  2 ice dragons
  2 hydras
  2 peacekeepers (Desolation)
  2 naga warriors (Snake:3)
  4 servants of whispers (Desolation)
  A spriggan air mage (Depths:3)
  6 centaur warriors
  3 anacondas (Snake:3)
  4 two-headed ogres
  A thrashing horror (Abyss:1)
  2 deep troll earth magi
  5 naga sharpshooters
  A vampire mage (Vaults:2)
  6 hell knights
  2 unseen horrors
  2 deep trolls
  3 skeletal warriors
  An iron troll (Depths:5)
  A flayed ghost (Vaults:5)
  4 deep elf archers
  A glowing orange brain (Depths:3)
  2 naga ritualists (Snake:3)
  6 ironbrand convokers
  A lindwurm (Depths:3)
  A phantasmal warrior (Vaults:2)
  2 necromancers
  A harpy (Depths:5)
  3 mana vipers (Snake:3)
  A mana viper (shapeshifter) (Vaults:5)
  3 orc knights
  A moth of wrath (Zot:1)
  5 ugly things
  A wolf spider (Vaults:2)
  2 deep elf magi
  2 cyclopes
  2 guardian serpents
  A stone giant skeleton (Depths:2)
  A smoke demon (Abyss:1)
  A black mamba (Snake:3)
  A rust devil (Depths:2)
  A naga mage (Snake:3)
  2 spiny frogs
  21 yaktaurs
  A troll (D:10)
  A sphinx simulacrum (Depths:2)
  2 hornets
  2 slime creatures
  28 saltlings
  A water elemental (Depths:2)
  A basilisk (D:14)
  A warg (Vaults:2)
  3 nagas
  An acid dragon (Vaults:2)
  2 orc warriors
  2 eyes of draining (shapeshifter)
  5 ogres
  6 centaurs
  A small abomination (Abyss:3)
  An orc priest (Vaults:2)
  2 orc wizards
  An ufetubus (IceCv)
  A dart slug (D:1)
  3 orcs (Vaults:5)
  A bush (Lair:6)
  13 fungi (Swamp:4)
  2 lurking horrors
  19 plants
  83 starspawn tentacles
380 creatures vanquished.

Grand Total: 2758 creatures vanquished

Notes
Turn   | Place    | Note
-------+----------+-------------------------------------------
     0 | Abyss:1  | 4FPSwarrior the Demonspawn Abyssal Knight began the quest
                  | for the Orb.
     0 | Abyss:1  | Reached XP level 1. HP: 18/18 MP: 2/2
    46 | D:1      | Escaped the Abyss
   321 | D:1      | Gained mutation: You are surrounded by a mild repulsion
                  | field. (EV +2) [demonic ancestry]
   321 | D:1      | Reached XP level 2. HP: 24/24 MP: 3/3
  1238 | D:1      | Reached XP level 3. HP: 29/29 MP: 4/4
  1398 | D:2      | Reached ** piety under Lugonu
  1496 | D:2      | Found a deep blue altar of Sif Muna.
  2771 | D:3      | Noticed a steam dragon
  2920 | D:3      | Found a sparkling altar of Nemelex Xobeh.
  2920 | D:3      | Found an opulent altar of Gozag.
  2933 | D:3      | Noticed Terence
  2952 | D:3      | Killed Terence
  2952 | D:3      | Reached XP level 4. HP: 30/35 MP: 5/5
  3582 | D:4      | Reached XP level 5. HP: 31/42 MP: 6/6
  4079 | D:4      | Noticed an ogre
  4281 | D:4      | You fall through a shaft for 2 floors!
  4654 | D:6      | Noticed an ice beast
  4669 | D:6      | Killed an ice beast
  4669 | D:6      | Gained mutation: You are immune to rotting. [demonic
                  | ancestry]
  4669 | D:6      | Reached XP level 6. HP: 41/50 MP: 7/7
  4695 | D:6      | Reached skill level 5 in Long Blades
  4697 | D:6      | Reached skill level 5 in Fighting
  4763 | D:5      | Entered Level 5 of the Dungeon
  4978 | D:5      | Gained mutation: When hurt, damage is shared between your
                  | health and your magic reserves. [demonic ancestry]
  4978 | D:5      | Reached XP level 7. HP: 42/56 MP: 8/8
  5077 | D:5      | Found a sand-covered staircase.
  5161 | Ossuary  | Entered an ossuary
  5429 | Ossuary  | Reached *** piety under Lugonu
  6347 | D:5      | Found Quyffech's Gadget Shoppe.
  6353 | D:5      | Bought a wand of flame (5) for 38 gold pieces
  6368 | D:5      | Gained mutation: You regenerate magic rapidly. [demonic
                  | ancestry]
  6368 | D:5      | Reached XP level 8. HP: 62/65 MP: 9/9
  6382 | D:5      | Noticed Edmund
  6403 | D:5      | Killed Edmund
  6636 | D:5      | Reached **** piety under Lugonu
  6921 | D:5      | Found a staircase to the Ecumenical Temple.
  6931 | Temple   | Entered the Ecumenical Temple
  7276 | D:4      | Reached skill level 1 in Evocations
  8330 | D:6      | Gained mutation: You have a pair of small antennae on your
                  | head. [demonic ancestry]
  8330 | D:6      | Reached XP level 9. HP: 70/74 MP: 10/12
  8554 | D:6      | Noticed Eustachio
  8685 | D:6      | Found Vahuez's Armour Boutique.
  8693 | D:6      | Bought a +0 shield for 58 gold pieces
  8741 | D:6      | Reached skill level 1 in Dodging
  8741 | D:6      | Reached skill level 5 in Invocations
  9022 | D:6      | Killed Eustachio
  9022 | D:6      | Reached skill level 1 in Shields
  9092 | D:6      | Found a shadowy altar of Dithmenos.
  9158 | D:6      | Found a burning altar of Makhleb.
  9207 | D:6      | Reached skill level 5 in Evocations
  9534 | D:7      | Found the ring of the Octopus King
  9539 | D:7      | Got a ring of the Octopus King
  9545 | D:7      | Found a glowing golden altar of the Shining One.
  9664 | D:7      | Identified a ring of the Octopus King {MP+9 AC+1 EV+1 Str+1
                  | Int+1 Dex+1} (You found it on level 7 of the Dungeon)
  9976 | D:7      | Found a bloodstained altar of Trog.
 10028 | D:7      | Found an ornate altar of the Wu Jian Council.
 10402 | D:7      | Reached skill level 2 in Shields
 11003 | D:8      | Found a shimmering altar of Xom.
 11410 | D:7      | Gained mutation: When low on magic, you restore magic in
                  | place of health. [demonic ancestry]
 11410 | D:7      | Reached XP level 10. HP: 33/82 MP: 14/14
 11827 | D:8      | Reached ***** piety under Lugonu
 11827 | D:8      | Reached skill level 3 in Shields
 12007 | D:8      | Found a shadowy altar of Dithmenos.
 13004 | D:9      | Killed an unseen horror
 13358 | D:9      | Reached skill level 4 in Shields
 13612 | D:9      | Found a glowing silver altar of Zin.
 13997 | D:9      | Found a staircase to the Orcish Mines.
 14076 | D:10     | Entered Level 10 of the Dungeon
 14571 | D:10     | Noticed Maurice
 14572 | D:10     | Found a runed translucent door.
 14572 | D:10     | Noticed a centaur warrior
 14572 | D:10     | Noticed a yaktaur captain
 14572 | D:10     | Noticed a skeletal warrior
 14572 | D:10     | Noticed a skeletal warrior
 14572 | D:10     | Noticed a tengu reaver
 14572 | D:10     | Noticed a lich
 14610 | D:10     | Killed Maurice
 14772 | D:10     | Noticed chipmonk's ghost (journeyman MiBe)
 14773 | D:10     | Noticed a skeletal warrior
 14773 | D:10     | Noticed a necromancer
 14787 | D:10     | Found a runed translucent door.
 14862 | D:10     | Reached skill level 5 in Shields
 14874 | D:10     | Reached XP level 11. HP: 53/89 MP: 16/16
 15008 | D:10     | Noticed a green ugly thing
 15018 | D:10     | Banished a green ugly thing
 15255 | D:10     | Found a staircase to the Lair.
 15457 | D:10     | Paralysed by a hornet for 1 turns
 16300 | D:11     | Killed an unseen horror
 16300 | D:11     | Reached skill level 10 in Long Blades
 16709 | D:11     | Noticed a six-headed hydra
 16728 | D:11     | Killed a seven-headed hydra
 16728 | D:11     | Reached skill level 6 in Shields
 17265 | D:11     | Noticed an orc knight
 17301 | D:11     | Killed an orc knight
 17366 | D:11     | Reached skill level 1 in Spellcasting
 18272 | D:6      | Bought the +2 pair of boots "Dunizom" {rF+ Int+3} for 452
                  | gold pieces
 18394 | Lair:1   | Entered Level 1 of the Lair of Beasts
 18957 | Lair:1   | Reached skill level 7 in Shields
 18981 | Lair:1   | Found a transporter.
 18981 | Lair:1   | Found a transporter.
 18990 | Lair:1   | Gained mutation: You are surrounded by a moderate repulsion
                  | field. (EV +3) [demonic ancestry]
 18990 | Lair:1   | Reached XP level 12. HP: 97/97 MP: 18/18
 19017 | Lair:1   | Found a bloodstained altar of Trog.
 19017 | Lair:1   | Identified the +4 trident of Dishonour {vamp, Int+2 Dex+4
                  | Stlth+}
 19024 | Lair:1   | Noticed Imnulubo's ghost (novice TeFE)
 19689 | Lair:1   | Found a basalt altar of Yredelemnul.
 19938 | Lair:1   | Reached skill level 10 in Fighting
 20151 | Lair:2   | Noticed a seven-headed hydra
 20159 | Lair:2   | Banished a seven-headed hydra
 21470 | Lair:3   | Found a staircase to the Snake Pit.
 21770 | Lair:3   | Reached skill level 8 in Shields
 21952 | Lair:3   | Found a staircase to the Swamp.
 22154 | Lair:4   | Noticed Snorg
 22180 | Lair:4   | Killed Snorg
 22831 | Lair:4   | Noticed an eight-headed hydra
 22833 | Lair:4   | Banished an eight-headed hydra
 23079 | Lair:4   | Reached skill level 10 in Invocations
 23340 | Lair:4   | Noticed Josephine
 23353 | Lair:4   | Killed Josephine
 23353 | Lair:4   | Gained mutation: You have a pair of antennae on your head.
                  | [demonic ancestry]
 23353 | Lair:4   | Reached XP level 13. HP: 93/104 MP: 20/20
 24348 | Lair:5   | Found a transporter.
 24351 | Lair:5   | Noticed Baix's ghost (journeyman DrTm)
 24385 | Lair:5   | Found a transporter.
 24453 | Lair:5   | Found a runed translucent door.
 24453 | Lair:5   | Found a viscous altar of Jiyva.
 24460 | Lair:5   | Found a staircase to the Slime Pits.
 24460 | Lair:5   | Noticed an acid blob
 24873 | Lair:6   | Entered Level 6 of the Lair of Beasts
 24958 | Lair:6   | Found a transporter.
 24958 | Lair:6   | Noticed EvilAshe's ghost (journeyman TeFE)
 24982 | Lair:6   | Found a transporter.
 25003 | Lair:6   | Learned a level 1 spell: Apportation
 25010 | Lair:6   | Learned a level 6 spell: Invisibility
 25590 | Lair:6   | Reached skill level 1 in Hexes
 25628 | Lair:6   | Reached skill level 1 in Translocations
 26015 | Lair:6   | Reached skill level 9 in Shields
 26468 | Lair:6   | Reached skill level 10 in Evocations
 27901 | Lair:6   | Noticed a dire elephant
 27913 | Lair:6   | Killed a dire elephant
 28180 | Orc:1    | Entered Level 1 of the Orcish Mines
 28570 | Orc:1    | Noticed Erica
 28591 | Orc:1    | Killed Erica
 28639 | Orc:1    | Found a roughly hewn altar of Beogh.
 28804 | Orc:2    | Entered Level 2 of the Orcish Mines
 28991 | Orc:1    | Noticed Sonja
 28992 | Orc:1    | Noticed Sonja
 28992 | Orc:1    | Sonja changed into Sonja the raiju
 28993 | Orc:1    | Noticed Sonja
 28993 | Orc:1    | Sonja the raiju changed into Sonja the salamander
 29018 | Orc:1    | Killed Sonja the salamander
 29742 | Orc:2    | Found a staircase to the Elven Halls.
 30011 | Orc:2    | Noticed an orc warlord
 30791 | D:12     | You fall through a shaft for 2 floors!
 30843 | D:13     | Reached ****** piety under Lugonu
 31155 | D:13     | Reached XP level 14. HP: 113/113 MP: 22/22
 31572 | D:12     | Learned a level 3 spell: Regeneration
 31930 | D:12     | Reached skill level 1 in Necromancy
 32122 | D:12     | Got a twisted ring mail
 32764 | D:12     | Reached skill level 10 in Shields
 33294 | D:12     | Identified the cursed +1 ring mail of Sott {rC+ Int+3} (You
                  | found it on level 12 of the Dungeon)
 34296 | D:13     | Found a gate to the Vaults.
 34955 | Orc:2    | Gained mutation: Your magical capacity is low. (-10% MP) [a
                  | neqoxec]
 35038 | Orc:2    | Killed an orc warlord
 35266 | Orc:2    | Noticed Nergalle
 35395 | Orc:2    | Found a roughly hewn altar of Beogh.
 35891 | Orc:2    | Killed Nergalle
 35925 | Orc:2    | Noticed Urug
 35961 | Orc:2    | Killed Urug
 36099 | Orc:2    | Found Dusow's Jewellery Boutique.
 36106 | Orc:2    | Found Mezuzuf's Antique Weapon Boutique.
 36112 | Orc:2    | Found Yzuxkeu's Antique Armour Boutique.
 36177 | Orc:2    | Found Xafamp's General Store.
 36185 | Orc:2    | Bought 3 scrolls of teleportation for 153 gold pieces
 36185 | Orc:2    | Bought a scroll of fog for 34 gold pieces
 36185 | Orc:2    | Bought a scroll of remove curse for 51 gold pieces
 36185 | Orc:2    | Bought a scroll of identify for 34 gold pieces
 36185 | Orc:2    | Bought a scroll of enchant weapon for 127 gold pieces
 36206 | Orc:2    | Bought an embroidered scarf for 200 gold pieces
 36206 | Orc:2    | Bought a glowing large shield for 187 gold pieces
 36676 | D:13     | Reached XP level 15. HP: 122/122 MP: 22/22
 37417 | D:14     | Reached skill level 11 in Shields
 38332 | D:14     | Identified the cursed +1 robe of Mental Paralysis {+Inv
                  | rElec MR- Stlth+}
 38377 | D:14     | Noticed Azrael
 38399 | D:14     | Killed Azrael
 38652 | D:14     | Noticed Frances
 38666 | D:14     | Corrupted D:14
 38666 | D:14     | Noticed a tentacled monstrosity
 38666 | D:14     | Noticed a bone dragon
 38673 | D:14     | Killed Frances
 38677 | D:14     | Noticed a tentacled starspawn
 38728 | D:14     | Noticed a tentacled starspawn
 39173 | D:15     | Entered Level 15 of the Dungeon
 39447 | D:15     | Found Tacvek's Distillery.
 39453 | D:15     | Bought a potion of mutation for 136 gold pieces
 39453 | D:15     | Bought a potion of flight for 51 gold pieces
 39453 | D:15     | Bought a potion of agility for 68 gold pieces
 39459 | D:15     | Found Jameveco's Food Shoppe.
 39718 | D:15     | Found Unattint's Antique Armour Boutique.
 39844 | D:15     | Bought a pair of transparent boots for 209 gold pieces
 39854 | D:15     | Identified the +0 pair of boots of Jeget {rPois} (You
                  | bought it in a shop on level 15 of the Dungeon)
 40034 | D:15     | Found a staircase to the Depths.
 40045 | D:15     | Reached skill level 5 in Armour
 40399 | D:15     | Reached skill level 5 in Dodging
 40480 | D:15     | Found Isazom's Jewellery Emporium.
 40486 | D:15     | Found Kuwnaw's Antique Weapon Shoppe.
 41286 | D:5      | Bought a sack of spiders for 220 gold pieces
 41286 | D:5      | Bought a lamp of fire for 440 gold pieces
 41468 | Swamp:1  | Entered Level 1 of the Swamp
 42657 | Swamp:1  | Got a steaming plate armour
 42850 | Swamp:1  | Gained mutation: You may emit foul miasma when damaged in
                  | melee. [demonic ancestry]
 42850 | Swamp:1  | Reached XP level 16. HP: 114/130 MP: 23/23
 43080 | Swamp:1  | Identified the +8 plate armour of Action {rElec rCorr Dex-3
                  | SInv Stlth+} (You found it on level 1 of the Swamp)
 43553 | Swamp:2  | Reached skill level 12 in Shields
 44670 | Swamp:2  | Reached skill level 5 in Necromancy
 45223 | Swamp:3  | Noticed a thorn hunter
 45327 | Swamp:3  | Killed a thorn hunter
 45916 | Swamp:3  | Noticed a thorn hunter
 45927 | Swamp:3  | Killed a thorn hunter
 46181 | Swamp:4  | Entered Level 4 of the Swamp
 46212 | Swamp:4  | Noticed a thorn hunter
 46416 | Swamp:4  | Killed a thorn hunter
 46439 | Swamp:4  | Found a frozen archway.
 46507 | IceCv    | Entered an ice cave
 47891 | IceCv    | Identified Mecraots's Catalogue of the Twisted Frostbite
 47892 | IceCv    | Found the -2 hat of the Alchemist {rElec rPois rF+ rC+ rN+
                  | MR+ rMut rCorr}
 47897 | IceCv    | Got a pitted lead ring
 49119 | Swamp:4  | Identified the ring of Ziptiv {+Blink rC+ SInv Stlth+} (You
                  | found it in an ice cave)
 49152 | Swamp:4  | Reached skill level 13 in Shields
 49219 | Swamp:4  | Reached XP level 17. HP: 138/138 MP: 25/25
 49228 | Swamp:4  | Noticed Louise
 49263 | Swamp:4  | Cast into level 2 of the Abyss (Louise)
 49297 | Swamp:4  | Escaped the Abyss
 49322 | Swamp:4  | Killed Louise
 49365 | Swamp:4  | Got a scorched scythe
 49688 | Swamp:4  | Identified the +10 scythe of Cheese {vamp, Dex+5} (You
                  | found it on level 4 of the Swamp)
 50267 | Swamp:4  | Identified Sif Muna's Collected Works on Virous Stones
 50318 | Swamp:4  | Identified a scroll of acquirement
 50328 | Swamp:4  | Noticed the 27-headed Lernaean hydra
 50334 | Swamp:4  | Killed the 27-headed Lernaean hydra
 50447 | Swamp:4  | Got a decaying rune of Zot
 50609 | Snake:1  | Entered Level 1 of the Snake Pit
 50652 | Snake:1  | Found Nuofous's Gadget Shoppe.
 50653 | Snake:1  | Found Gaud Itz's Book Shoppe.
 50653 | Snake:1  | Found Peisacsa's Jewellery Shoppe.
 50656 | Snake:1  | Found Laskoh's Magic Scroll Shoppe.
 50672 | Snake:1  | Bought 2 scrolls of fog for 64 gold pieces
 50672 | Snake:1  | Bought a scroll of identify for 32 gold pieces
 50672 | Snake:1  | Bought a scroll of identify for 32 gold pieces
 51133 | Snake:1  | Identified the cursed +1 hunting sling "Kynnaukk" {venom,
                  | *Corrode rN++ Str+2 Int-3} (You found it on level 1 of the
                  | Snake Pit)
 51364 | Snake:1  | Reached skill level 1 in Throwing
 52001 | Snake:2  | Found the +2 pair of boots of the Assassin {Detection Stab+
                  | Stlth++}
 52032 | Snake:2  | Found Viuv's Jewellery Shoppe.
 52043 | Snake:2  | Bought the ring "Geschyriu" {rF++ AC+2 Str+4} for 643 gold
                  | pieces
 52578 | Snake:2  | Noticed Vashnia
 52589 | Snake:2  | Killed Vashnia
 52774 | Snake:2  | Noticed das's ghost (journeyman FeEn)
 52781 | Snake:2  | Found a runed translucent gate.
 52781 | Snake:2  | Found a runed translucent gate.
 52781 | Snake:2  | Found a runed translucent gate.
 53018 | Snake:2  | Killed das's ghost
 53044 | Snake:2  | Reached skill level 15 in Evocations
 53273 | Snake:3  | Noticed Mara
 53640 | Snake:3  | Noticed Donald
 53671 | Snake:3  | Killed Donald
 53703 | Snake:3  | Reached skill level 14 in Shields
 53713 | Snake:3  | Noticed 4FPSwarrior's illusion
 54005 | Snake:3  | Reached XP level 18. HP: 144/146 MP: 26/26
 54151 | Snake:3  | Noticed 4FPSwarrior's illusion
 54151 | Snake:3  | Corrupted Snake:3
 54152 | Snake:3  | Noticed a lich
 54154 | Snake:3  | Gained mutation: Your body sometimes deteriorates upon
                  | taking damage. [a neqoxec]
 54163 | Snake:3  | Killed Mara
 54203 | Snake:3  | Found Xud Mej's Jewellery Shop.
 54832 | Snake:3  | Identified the Grimoire of Ashen Curses
 54945 | Snake:4  | Entered Level 4 of the Snake Pit
 58492 | Snake:4  | Got a serpentine rune of Zot
 58498 | Snake:4  | Got a crude shield
 58509 | Snake:4  | Identified the +0 shield of Erghul {rElec rF+ MP-9} (You
                  | acquired it on level 4 of the Snake Pit)
 58826 | Vaults:1 | Entered Level 1 of the Vaults
 58891 | D:13     | Reached skill level 5 in Throwing
 59192 | Vaults:1 | Reached skill level 15 in Shields
 59528 | Vaults:1 | Gained mutation: You have a pair of large antennae on your
                  | head. (SInv) [demonic ancestry]
 59528 | Vaults:1 | Reached XP level 19. HP: 154/154 MP: 27/27
 59605 | Vaults:1 | Lost mutation: Your body sometimes deteriorates upon taking
                  | damage. [potion of mutation]
 59605 | Vaults:1 | Lost mutation: Your magical capacity is low. (-10% MP)
                  | [potion of mutation]
 59605 | Vaults:1 | Gained mutation: You do not regenerate when monsters are
                  | visible. [potion of mutation]
 59605 | Vaults:1 | Gained mutation: You are somewhat resistant to further
                  | mutation. [potion of mutation]
 59824 | Vaults:1 | Found Zaoker's Jewellery Emporium.
 60038 | Vaults:1 | Reached skill level 15 in Fighting
 60250 | Vaults:1 | Lost mutation: You do not regenerate when monsters are
                  | visible. [potion of mutation]
 60250 | Vaults:1 | Lost mutation: You are somewhat resistant to further
                  | mutation. [potion of mutation]
 60250 | Vaults:1 | Gained mutation: You occasionally shout uncontrollably at
                  | your foes. [potion of mutation]
 60250 | Vaults:1 | Gained mutation: You evolve. [potion of mutation]
 60815 | Vaults:2 | Noticed Mennas
 60816 | Vaults:2 | Corrupted Vaults:2
 60818 | Vaults:2 | Noticed a bone dragon
 60847 | Vaults:2 | Killed Mennas
 61203 | Vaults:2 | Found a staircase to the Crypt.
 61300 | Vaults:2 | Found the +9 heavy crossbow "Sniper" {velocity, Acc+∞ SInv}
 61525 | Vaults:2 | Gained mutation: You possess an exceptional clarity of
                  | mind. [evolution]
 61890 | Vaults:2 | Reached skill level 15 in Invocations
 62821 | Vaults:3 | Reached skill level 10 in Dodging
 62862 | Vaults:3 | Reached skill level 10 in Armour
 62894 | Vaults:3 | Found a ruined gateway.
 62903 | Desolati | Entered the Desolation of Salt
 63198 | Desolati | Corrupted Desolation
 63199 | Desolati | Reached skill level 16 in Shields
 63242 | Desolati | Noticed a bone dragon
 63761 | Desolati | Gained mutation: You are surrounded by a strong repulsion
                  | field. (EV +4, RMsl) [demonic ancestry]
 63761 | Desolati | Reached XP level 20. HP: 135/163 MP: 29/31
 63930 | Desolati | Got a bound amber ring
 64194 | Desolati | Identified the Reference Book on Mutagenic Calling
 64197 | Desolati | Got a heavily runed plate armour
 64211 | Desolati | Found the +3 robe of Clouds {+Thunder rCloud rElec}
 64444 | Vaults:3 | Identified the ring of the Duchess {Fire rElec Int+2 Dex+3}
                  | (You found it in the Desolation of Salt)
 64549 | Vaults:3 | Identified the cursed +0 plate armour "Ikhla" {+Blink rC+
                  | rN+ Int-4} (You found it in the Desolation of Salt)
 66818 | Vaults:4 | Got a heavily runed granite ring
 66829 | Vaults:4 | Identified the ring "Abubo" {Ice *Contam +Fly Str+3 Dex+7}
                  | (You found it on level 4 of the Vaults)
 66841 | Vaults:4 | Gained mutation: Armour fits poorly on your strangely
                  | shaped body. [mutagenic glow]
 67499 | Vaults:4 | Found Ihethac's Jewellery Shop.
 67508 | Vaults:4 | Bought an uncursed amulet of regeneration for 330 gold
                  | pieces
 67522 | Vaults:4 | Noticed Xtahua
 67541 | Vaults:4 | Killed Xtahua
 67878 | Vaults:4 | Identified the +6 broad axe of Distant Worlds {chop, +Blink
                  | rC++} (You found it on level 4 of the Vaults)
 68430 | Elf:1    | Entered Level 1 of the Elven Halls
 68459 | Elf:1    | Reached skill level 17 in Shields
 68694 | Elf:1    | Reached XP level 21. HP: 160/171 MP: 31/33
 69183 | Elf:1    | Identified the Volume of Unholy Magic
 69726 | Depths:1 | Entered Level 1 of the Depths
 71179 | Depths:1 | Found a gateway to Hell.
 71276 | Depths:1 | Identified a +7 demon blade of distortion (a +5 demon blade
                  | of freezing corrupted by Lugonu)
 71276 | Depths:1 | Received a gift from Lugonu
 71689 | Depths:1 | Found a one-way gate leading to the halls of Pandemonium.
 71799 | Depths:1 | Found a runed translucent door.
 71980 | Depths:2 | Found a gateway to a ziggurat.
 72248 | Depths:2 | Found Ynaimab's Food Shoppe.
 72333 | Depths:2 | Bought a ration for 65 gold pieces
 72333 | Depths:2 | Bought a ration for 65 gold pieces
 72333 | Depths:2 | Bought a ration for 65 gold pieces
 72333 | Depths:2 | Bought a ration for 65 gold pieces
 73267 | Depths:2 | Found a runed translucent door.
 73267 | Depths:2 | Found a runed translucent door.
 73267 | Depths:2 | Noticed a golden dragon
 73905 | Depths:3 | Noticed a juggernaut
 74183 | Depths:3 | Found a flickering gateway to a bazaar.
 74194 | Bazaar   | Entered a bazaar
 74231 | Bazaar   | Found Ivvurunec's Assorted Antiques.
 74265 | Bazaar   | Found Byon's Assorted Antiques.
 74278 | Bazaar   | Found Zeaq's Antique Armour Emporium.
 74299 | Bazaar   | Found Veeneh's Assorted Antiques.
 74344 | Bazaar   | Bought a scroll of brand weapon for 580 gold pieces
 74344 | Bazaar   | Bought a scroll of blinking for 217 gold pieces
 74394 | Bazaar   | Bought 2 potions of haste for 560 gold pieces
 74394 | Bazaar   | Bought a potion of agility for 112 gold pieces
 75400 | Depths:3 | Gained mutation: Your magical and physical power is
                  | slightly enhanced at high health. [demonic ancestry]
 75400 | Depths:3 | Reached XP level 22. HP: 120/180 MP: 34/34
 75544 | Depths:3 | Noticed a caustic shrike
 75551 | Depths:3 | Banished a caustic shrike
 76318 | Depths:4 | Paralysed by a floating eye for 4 turns
 76356 | Depths:3 | Noticed a caustic shrike
 76375 | Depths:3 | Killed a caustic shrike
 76691 | Depths:4 | Found Neykax's Magic Scroll Emporium.
 76742 | Depths:4 | Bought a scroll of fog for 32 gold pieces
 76742 | Depths:4 | Bought a scroll of fog for 32 gold pieces
 77379 | Depths:4 | You fall through a shaft!
 77379 | Depths:5 | Entered Level 5 of the Depths
 77518 | Depths:5 | Noticed Margery
 77519 | Depths:5 | Corrupted Depths:5
 77543 | Depths:5 | Reached skill level 18 in Shields
 77548 | Depths:5 | Killed Margery
 77565 | Depths:5 | Got a vibrating tin ring
 77603 | Depths:5 | Noticed a golden dragon
 77642 | Depths:5 | Killed a golden dragon
 77663 | Depths:5 | Got a steaming turquoise ring
 77667 | Depths:5 | Identified the ring "Eliutty" {*Slow Dex+3 Stlth+} (You
                  | found it on level 5 of the Depths)
 77669 | Depths:5 | Identified the ring of Olamus {rElec Str+2} (You found it
                  | on level 5 of the Depths)
 77694 | Depths:5 | Found Mioris's Antique Armour Shop.
 77904 | Depths:4 | Found a corrupted altar of Lugonu.
 77905 | Depths:4 | Found a one-way gate to the infinite horrors of the Abyss.
 78053 | Depths:4 | Noticed a golden dragon
 78070 | Depths:4 | Banished a golden dragon
 78098 | Depths:4 | Found the ring of the Octopus King
 78252 | Depths:4 | Bought a scroll of identify for 32 gold pieces
 78252 | Depths:4 | Bought a scroll of identify for 32 gold pieces
 78252 | Depths:4 | Bought a scroll of identify for 32 gold pieces
 78381 | Depths:4 | Identified the ring of a Billion Ships {rCorr rPois MR+
                  | Dex-3} (You found it on level 4 of the Depths)
 78382 | Depths:4 | Identified a ring of the Octopus King {rN+ AC+1 EV+1 Str+1
                  | Int+1 Dex+1} (You found it on level 4 of the Depths)
 78393 | Depths:4 | Got a twitching ivory ring
 78395 | Depths:4 | Identified the ring "Aheighof" {rPois rC+ Dex+2} (You found
                  | it on level 4 of the Depths)
 79221 | Depths:5 | Lost mutation: You possess an exceptional clarity of mind.
                  | [evolution]
 79366 | Depths:5 | Noticed a golden dragon
 79448 | Depths:5 | Identified the ring of Wuqenk {Fire Str+3 Dex+6}
 79636 | Depths:5 | Found a gate to the Realm of Zot.
 79860 | Depths:5 | Gained mutation: Your magical and physical power is
                  | enhanced at high health. [demonic ancestry]
 79860 | Depths:5 | Reached XP level 23. HP: 170/187 MP: 33/36
 80092 | Depths:4 | Voluntarily entered the Abyss.
 80163 | Abyss:1  | Found a roughly hewn altar of Beogh.
 80388 | Abyss:2  | Found a corrupted altar of Lugonu.
 80431 | Abyss:3  | Found a corrupted altar of Lugonu.
 80672 | Abyss:4  | Gained mutation: Scrolls take you much longer to read. [a
                  | neqoxec]
 80682 | Depths:4 | Escaped the Abyss
 80786 | Depths:4 | Voluntarily entered the Abyss.
 81087 | Abyss:1  | Found a corrupted altar of Lugonu.
 81147 | Depths:4 | Escaped the Abyss
 81148 | Depths:4 | Lost mutation: Scrolls take you a little longer to read.
                  | [potion of mutation]
 81148 | Depths:4 | Lost mutation: Armour fits poorly on your strangely shaped
                  | body. [potion of mutation]
 81148 | Depths:4 | Lost mutation: You occasionally shout uncontrollably at
                  | your foes. [potion of mutation]
 81148 | Depths:4 | Gained mutation: You are agile. (Dex +2) [potion of
                  | mutation]
 81518 | Slime:1  | Entered Level 1 of the Pits of Slime
 82055 | Depths:4 | Voluntarily entered the Abyss.
 82106 | Abyss:3  | Gained mutation: You are weak. (Str -2) [a neqoxec]
 82241 | Abyss:3  | Noticed an ancient lich
 82270 | Abyss:3  | Reached skill level 10 in Throwing
 82475 | Abyss:3  | Found a corrupted altar of Lugonu.
 82537 | Abyss:3  | Found a corrupted altar of Lugonu.
 82678 | Abyss:3  | Gained mutation: You occasionally shout uncontrollably at
                  | your foes. [a neqoxec]
 82698 | Depths:4 | Escaped the Abyss
 82860 | Depths:4 | Voluntarily entered the Abyss.
 82949 | Abyss:1  | Found a corrupted altar of Lugonu.
 83195 | Depths:4 | Escaped the Abyss
 83524 | Vaults:5 | Entered Level 5 of the Vaults
 83789 | Vaults:5 | Corrupted Vaults:5
 83939 | Vaults:5 | Reached skill level 19 in Shields
 83963 | Vaults:5 | Paralysed by a floating eye for 4 turns
 84077 | Vaults:5 | Gained mutation: You frequently emit foul miasma when
                  | damaged in melee. [demonic ancestry]
 84077 | Vaults:5 | Reached XP level 24. HP: 113/196 MP: 36/36
 84184 | Vaults:5 | Found Ciedek's Food Shoppe.
 84293 | Vaults:5 | Found Zaonigg's Magic Scroll Emporium.
 84317 | Vaults:5 | Noticed an ancient lich
 84323 | Vaults:5 | Noticed an ancient lich
 84368 | Vaults:5 | Killed an ancient lich
 84485 | Vaults:5 | Killed an ancient lich
 84524 | Vaults:5 | Found Wudera's Food Shop.
 84836 | Vaults:5 | Found Zooreme's Antique Armour Shop.
 84845 | Vaults:5 | Got a silver rune of Zot
 84936 | Vaults:5 | Identified the +10 hunting sling "Dukusass" {velocity,
                  | *Slow rElec Dex+2}
 84974 | Vaults:5 | Bought a scroll of acquirement for 988 gold pieces
 84975 | Vaults:5 | Got a pitted double sword
 85053 | Vaults:5 | Bought a scroll of identify for 38 gold pieces
 85053 | Vaults:5 | Identified the +5 double sword of Compound Interest {drain,
                  | rElec rF- Str+5} (You acquired it on level 5 of the Vaults)
 85433 | Zot:1    | Entered Level 1 of the Realm of Zot
 85569 | Zot:1    | Lost mutation: You are weak. (Str -2) [potion of mutation]
 85569 | Zot:1    | Lost mutation: You are agile. (Dex +2) [potion of mutation]
 85569 | Zot:1    | Lost mutation: You evolve. [potion of mutation]
 85569 | Zot:1    | Gained mutation: You are resistant to hostile enchantments.
                  | (MR+) [potion of mutation]
 85569 | Zot:1    | Gained mutation: Your spells are a little easier to cast,
                  | but a little less powerful. [potion of mutation]
 85569 | Zot:1    | Gained mutation: You possess an exceptional clarity of
                  | mind. [potion of mutation]
 85659 | Zot:1    | Noticed an orb of fire
 85660 | Zot:1    | Gained mutation: You are dopey. (Int -2) [an orb of fire]
 85668 | Zot:1    | Corrupted Zot:1
 85678 | Zot:1    | Gained mutation: You are frail. (-10% HP) [an orb of fire]
 85679 | Zot:1    | Gained mutation: Armour fits poorly on your strangely
                  | shaped body. [an orb of fire]
 85681 | Zot:1    | Gained mutation: Your spells are easier to cast, but less
                  | powerful. [an orb of fire]
 85684 | Zot:1    | Killed an orb of fire
 86911 | Zot:2    | Lost mutation: Armour fits poorly on your strangely shaped
                  | body. [potion of mutation]
 86911 | Zot:2    | Lost mutation: You are frail. (-10% HP) [potion of
                  | mutation]
 86911 | Zot:2    | Gained mutation: Your body sometimes deteriorates upon
                  | taking damage. [potion of mutation]
 86911 | Zot:2    | Gained mutation: You are very dopey. (Int -4) [potion of
                  | mutation]
 86911 | Zot:2    | Gained mutation: You are agile. (Dex +2) [potion of
                  | mutation]
 87340 | Zot:2    | Found a huge runed gate.
 87340 | Zot:2    | Found a huge runed gate.
 87350 | Zot:2    | Found a huge runed gate.
 87356 | Zot:2    | Found a huge runed gate.
 87356 | Zot:2    | Found a huge runed gate.
 87356 | Zot:2    | Found a huge runed gate.
 87359 | Zot:2    | Found a huge runed gate.
 87609 | Zot:2    | Found a huge runed gate.
 87609 | Zot:2    | Found a huge runed gate.
 87609 | Zot:2    | Found a huge runed gate.
 87612 | Zot:2    | Found a huge runed gate.
 87732 | Zot:2    | Found a huge runed gate.
 87732 | Zot:2    | Found a huge runed gate.
 87732 | Zot:2    | Found a huge runed gate.
 87736 | Zot:2    | Found a huge runed gate.
 87737 | Zot:2    | Found a huge runed gate.
 87737 | Zot:2    | Found a huge runed gate.
 87753 | Zot:2    | Identified the amulet "Nufutisu" {RegenMP Int+4 Dex+5} (You
                  | found it on level 2 of the Realm of Zot)
 88085 | Zot:2    | Reached XP level 25. HP: 170/204 MP: 36/36
 88463 | Zot:3    | Found Ydihoax's Changing Room.
 88471 | Zot:3    | Bought a potion of mutation for 128 gold pieces
 88471 | Zot:3    | Bought a potion of mutation for 128 gold pieces
 88856 | Zot:3    | Reached skill level 15 in Long Blades
 89964 | Zot:4    | Identified the +7 mace of Rylet {venom, rC++}
 90401 | Zot:4    | Reached skill level 5 in Spellcasting
 90607 | Zot:4    | Reached skill level 20 in Shields
 90631 | Zot:4    | Noticed a Killer Klown
 90634 | Zot:4    | Noticed a Killer Klown
 90659 | Zot:4    | Killed a Killer Klown
 90662 | Zot:4    | Identified the ring of Xonar {+Fly rC+}
 90692 | Zot:4    | Killed a Killer Klown
 90906 | Zot:4    | Noticed a Killer Klown
 90914 | Zot:4    | a Killer Klown changed into a titan
 91129 | Zot:4    | Reached XP level 26. HP: 199/213 MP: 36/36
 91436 | Zot:4    | Found a runed translucent gate.
 91436 | Zot:4    | Found a runed translucent gate.
 91436 | Zot:4    | Found a runed translucent gate.
 91437 | Zot:4    | Found an opulent altar of Gozag.
 91437 | Zot:4    | Noticed Sotil's ghost (legendary DEFE)
 91507 | Zot:5    | Entered Level 5 of the Realm of Zot
 92230 | Zot:5    | Noticed an orb of fire
 92245 | Zot:5    | Gained mutation: You are frail. (-10% HP) [an orb of fire]
 92291 | Zot:5    | Gained mutation: Armour fits poorly on your strangely
                  | shaped body. [an orb of fire]
 92297 | Zot:5    | Killed an orb of fire
 92531 | Zot:5    | Reached skill level 15 in Throwing
 92578 | Zot:5    | Reached skill level 15 in Dodging
 92619 | Zot:5    | Lost mutation: You occasionally shout uncontrollably at
                  | your foes. [potion of mutation]
 92619 | Zot:5    | Lost mutation: You are agile. (Dex +2) [potion of mutation]
 92619 | Zot:5    | Lost mutation: Armour fits poorly on your strangely shaped
                  | body. [potion of mutation]
 92619 | Zot:5    | Lost mutation: You are very dopey. (Int -4) [potion of
                  | mutation]
 92619 | Zot:5    | Lost mutation: You possess an exceptional clarity of mind.
                  | [potion of mutation]
 92619 | Zot:5    | Gained mutation: You have sharp fingernails. [potion of
                  | mutation]
 92620 | Zot:5    | Lost mutation: You are dopey. (Int -2) [potion of mutation]
 92620 | Zot:5    | Lost mutation: You are frail. (-10% HP) [potion of
                  | mutation]
 92620 | Zot:5    | Lost mutation: Your spells are easier to cast, but less
                  | powerful. [potion of mutation]
 92620 | Zot:5    | Gained mutation: Your skin changes colour to match your
                  | surroundings (Stealth+). [potion of mutation]
 92620 | Zot:5    | Gained mutation: Your muscles are strong. (Str +2) [potion
                  | of mutation]
 92620 | Zot:5    | Gained mutation: You are agile. (Dex +2) [potion of
                  | mutation]
 92669 | Zot:5    | Noticed an orb of fire
 92676 | Zot:5    | Gained mutation: Armour fits poorly on your strangely
                  | shaped body. [an orb of fire]
 92686 | Zot:5    | Killed an orb of fire
 92751 | Zot:5    | Noticed an ancient lich
 92945 | Zot:5    | Killed an ancient lich
 92945 | Zot:5    | Reached skill level 15 in Armour
 93089 | Zot:5    | Noticed an orb of fire
 93092 | Zot:5    | Gained mutation: You occasionally shout uncontrollably at
                  | your foes. [an orb of fire]
 93093 | Zot:5    | Noticed an orb of fire
 93095 | Zot:5    | Gained mutation: Your spells are easier to cast, but less
                  | powerful. [an orb of fire]
 93103 | Zot:5    | Gained mutation: Your magical capacity is low. (-10% MP)
                  | [an orb of fire]
 93108 | Zot:5    | Lost mutation: You are agile. (Dex +2) [an orb of fire]
 93109 | Zot:5    | Gained mutation: You are frail. (-10% HP) [an orb of fire]
 93328 | Zot:5    | Lost mutation: Your muscles are strong. (Str +2) [an orb of
                  | fire]
 93334 | Zot:5    | Gained mutation: You sometimes yell uncontrollably at your
                  | foes. [an orb of fire]
 93345 | Zot:5    | Killed an orb of fire
 93445 | Zot:5    | Gained mutation: Your magical and physical power is greatly
                  | enhanced at high health. [demonic ancestry]
 93445 | Zot:5    | Reached XP level 27. HP: 191/199 MP: 32/32
 93507 | Zot:5    | Gained mutation: Scrolls take you a little longer to read.
                  | [an orb of fire]
 93513 | Zot:5    | Killed an orb of fire
 93684 | Zot:5    | Lost mutation: Scrolls take you a little longer to read.
                  | [potion of mutation]
 93684 | Zot:5    | Lost mutation: Armour fits poorly on your strangely shaped
                  | body. [potion of mutation]
 93684 | Zot:5    | Lost mutation: Your body sometimes deteriorates upon taking
                  | damage. [potion of mutation]
 93684 | Zot:5    | Lost mutation: Your magical capacity is low. (-10% MP)
                  | [potion of mutation]
 93684 | Zot:5    | Gained mutation: Your muscles are strong. (Str +2) [potion
                  | of mutation]
 93978 | Zot:5    | Got the Orb of Zot
 94671 | D:$      | Escaped with the Orb!

Skill      XL: |  1  2  3  4  5  6  7  8  9 10 11 12 13 14 15 16 17 18 19 20 21 22 23 24 25 26 27 |
---------------+----------------------------------------------------------------------------------+-----
Long Blades    | 2 3 4 5 6 7 8 9 10 11 13 14 15 16 | 16.0
Fighting       | 4 5 6 8 9 10 11 12 13 14 15 16 17 18 19 | 19.5
Evocations     | 3 5 7 9 11 13 14 15 16 17 | 17.0
Invocations    | 4 6 7 8 10 11 12 13 14 15 16 17 18 19 | 19.0
Dodging        | 2 3 4 5 6 7 9 10 11 12 13 14 15 | 15.5
Armour         | 3 4 5 6 8 9 10 11 12 13 14 15 | 15.3
Shields        | 2 5 7 8 9 10 11 13 14 15 16 17 18 19 20 | 20.7
Spellcasting   | 2 3 5 |  5.0
Hexes          | 1 3 4 |  4.0
Translocations | 1 |  1.0
Necromancy     | 1 4 5 |  5.0
Throwing       | 3 5 6 9 11 12 14 15 | 15.5

Action                   |  1- 3 |  4- 6 |  7- 9 | 10-12 | 13-15 | 16-18 | 19-21 | 22-24 | 25-27 || total
-------------------------+-------+-------+-------+-------+-------+-------+-------+-------+-------++-------
Melee: Falchion          |   163 |   119 |   825 |   664 |       |       |       |       |       ||  1771
       Demon blade       |       |       |       |   693 |  1365 |  1855 |  2447 |  1743 |   743 ||  8846
       Long sword        |       |       |       |       |   767 |    19 |       |       |       ||   786
       Scimitar          |       |       |       |       |    92 |   600 |    45 |       |       ||   737
       Double sword      |       |       |       |       |       |       |       |   266 |   328 ||   594
Throw: Tomahawk          |       |     2 |    11 |    20 |       |       |       |       |       ||    33
       Javelin           |       |       |       |    19 |    52 |    20 |    51 |    81 |    44 ||   267
       Throwing net      |       |       |       |     1 |       |       |       |       |       ||     1
 Cast: Apportation       |       |       |       |       |     7 |       |       |     5 |       ||    12
       Regeneration      |       |       |       |       |     1 |       |       |       |       ||     1
Invok: Banish            |       |       |       |    11 |     5 |       |     4 |     4 |       ||    24
       Corrupt           |       |       |       |       |     1 |     1 |     2 |     3 |       ||     7
       Brand Weapon With |       |       |       |       |       |       |     1 |       |       ||     1
       Depart the Abyss  |       |       |       |       |       |       |       |     3 |       ||     3
Evoke: Wand              |       |       |     9 |    29 |    29 |    12 |     9 |    10 |     9 ||   107
       Box of beasts     |       |       |       |       |     1 |       |       |       |       ||     1
       Phantom mirror    |       |       |       |       |     1 |     1 |       |     3 |       ||     5
       Lamp of fire      |       |       |       |       |       |     6 |    10 |     9 |     8 ||    33
       Sack of spiders   |       |       |       |       |       |     3 |     6 |     3 |     6 ||    18
       Fan of gales      |       |       |       |       |       |       |     1 |       |     1 ||     2
       Phial of floods   |       |       |       |       |       |       |     3 |     2 |     2 ||     7
       Lightning rod     |       |       |       |       |       |       |     6 |    10 |     1 ||    17
  Use: Scroll            |     1 |     6 |     8 |     7 |    17 |    19 |    10 |    24 |    10 ||   102
       Potion            |       |     1 |     3 |     4 |     3 |     7 |     5 |    10 |    16 ||    49
 Stab: Sleeping          |       |       |     1 |     8 |       |       |       |       |       ||     9
       Distracted        |       |       |       |     1 |     3 |     1 |     3 |     3 |       ||    11
       Confused          |       |       |       |     1 |       |       |       |     1 |     1 ||     3
       Invisible         |       |       |       |       |       |    10 |       |       |     2 ||    12
       Held in net/web   |       |       |       |       |       |       |     2 |       |       ||     2
  Eat: Chunk             |     6 |     4 |    13 |    41 |    43 |    11 |    35 |    14 |     1 ||   168
       Ration            |       |     1 |     4 |     2 |     7 |    13 |     6 |    10 |    15 ||    58
Armor: Leather armour    |    26 |       |       |       |       |       |       |       |       ||    26
       Ring mail         |    10 |    25 |   126 |       |    78 |    28 |       |       |       ||   267
       Steam dragon scal |       |       |   122 |   259 |    84 |       |       |       |       ||   465
       Troll leather arm |       |       |       |       |    61 |       |       |       |       ||    61
       Plate armour      |       |       |       |       |   263 |   677 |   489 |   413 |   259 ||  2101
Dodge: Dodged            |   111 |    65 |   404 |   569 |   627 |   448 |   504 |   496 |   318 ||  3542
       Deflected         |       |       |       |       |       |       |    25 |    40 |    20 ||    85
Block: Shield            |       |       |   108 |   480 |   492 |       |       |       |       ||  1080
       Large shield      |       |       |       |       |   567 |  2243 |  2249 |  1667 |  1013 ||  7739
       Reflection        |       |       |       |       |    56 |   241 |   176 |    81 |    18 ||   572
       Rpst.: Falchion   |    30 |    15 |   118 |    85 |       |       |       |       |       ||   248
       Demon blade       |       |       |       |    71 |    85 |    58 |   107 |    66 |    20 ||   407
       Long sword        |       |       |       |       |    67 |       |       |       |       ||    67
       Scimitar          |       |       |       |       |       |    31 |     3 |       |       ||    34
       Double sword      |       |       |       |       |       |       |       |     6 |    18 ||    24
